AoeStats
← SmokedYoAzz420

Fortress

510253267Analyzed
4v4 RM · 2d ago on Sep 30, 2026· 61m 11s· 8 players
Game mode
Random Map
Map size
Huge
Population
200
Speed
Normal
Resources
Standard
Victory
Conquest
Starting age
Dark Age
Ending age
Imperial Age
RankedLock teamsTeams togetherTeam positionsShared explorationLock speedFull tech treeHidden civsTurbo modeCheats
Victory
Defeat
🇺🇸 Japanese · United States
884
+15
🇦🇺 Celts · Australia
844
+16
🇭🇰 Persians · Hong Kong SAR China
832
+17
🇦🇺 Goths · Australia
770
+19
🇰🇭 Vietnamese · Cambodia
925
-19
🇺🇸 Japanese · United States
916
-50
🇨🇦 Khmer · Canada
795
-15
🇺🇸 Spanish · United States
769
-13
1800000
8:48 Feudal Age
9:26 Horse Collar
9:33 Double-Bit Axe
16:05 Castle Age
14:06 Gold Mining
14:10 Stone Mining
16:03 Forging
15:53 Scale Mail Armor
17:15 Stronghold
17:26 Fletching
19:03 Loom
20:03 Iron Casting
21:09 Arson
21:44 Chain Mail Armor
21:51 Heavy Plow
22:03 Bow Saw
26:44 Gold Shaft Mining
29:53 Imperial Age
28:54 Wheelbarrow
30:03 Hand Cart
31:21 Conscription
31:22 Elite Woad Raider
33:26 Heavy Scorpion
34:53 Ballistics
35:34 Chemistry
34:41 Siege Engineers
41:32 Town Watch
44:34 Blast Furnace
48:47 Furor Celtica
50:52 Furor Celtica
CulturalApe943
6:41 Feudal Age
7:17 Double-Bit Axe
12:47 Stone Mining
12:47 Gold Mining
16:36 Castle Age
14:53 Padded Archer Armor
14:44 Fletching
15:18 Arson
17:03 Scale Mail Armor
17:13 Forging
17:37 Bow Saw
20:01 Thumb Ring
20:50 Crossbowman
23:43 Gambesons
輕鬆一打四
0:28 Loom
7:53 Feudal Age
8:12 Double-Bit Axe
8:09 Horse Collar
rich_jess
0:44 Loom
10:55 Feudal Age
13:48 Double-Bit Axe
13:47 Horse Collar
14:00 Gold Mining
14:19 Man-at-Arms
16:30 Forging
16:21 Scale Mail Armor
16:11 Fletching
16:22 Padded Archer Armor
19:45 Castle Age
17:41 Stone Mining
19:50 Long Swordsman
19:50 Pikeman
20:31 Squires
21:14 Bow Saw
24:55 Wheelbarrow
25:10 Ballistics
27:42 Heavy Plow
29:12 Hand Cart
32:19 Stone Shaft Mining
32:11 Chain Mail Armor
32:31 Iron Casting
31:52 Bodkin Arrow
32:12 Leather Archer Armor
32:33 Town Watch
33:58 Treadmill Crane
34:20 Murder Holes
34:44 Anarchy
35:01 Town Patrol
38:05 Imperial Age
40:02 Chemistry
38:26 Two-Handed Swordsman
40:09 Blast Furnace
39:10 Bracer
39:41 Ring Archer Armor
40:25 Crop Rotation
41:10 Two-Man Saw
40:25 Perfusion
40:47 Conscription
41:39 Caravan
41:56 Masonry
41:57 Champion
43:34 Elite Huskarl
SmokedYoAzz420
0:34 Loom
It's me, Philadelphia Collins
8:46 Feudal Age
12:28 Castle Age
10:34 Double-Bit Axe
10:53 Horse Collar
11:34 Scale Mail Armor
12:53 Wheelbarrow
12:35 Gold Mining
13:52 Forging
15:06 Chain Mail Armor
16:15 Bow Saw
18:54 Iron Casting
20:54 Squires
20:42 Arson
23:34 Hand Cart
30:26 Imperial Age
31:03 Heavy Plow
32:04 Conscription
33:08 Gold Shaft Mining
32:28 Stone Mining
33:31 Elite Samurai
38:05 Kataparuto
38:36 Loom
39:46 Plate Mail Armor
40:16 Blast Furnace
42:47 Man-at-Arms
43:42 Long Swordsman
44:32 Fletching
47:58 Two-Handed Swordsman
48:02 Pikeman
54:55 Champion
54:56 Halberdier
Commander Davis
1:40 Loom
11:03 Feudal Age
anikul73
9:00 Feudal Age
13:59 Castle Age
17:09 Man-at-Arms
Connection lost

Rejoining the realm…

Still unreachable

The connection could not be restored.

Session expired

The server has moved on; the page needs a fresh start.